AoeStats
← murcielagoschack

Fortress

510147564Analyzed
4v4 RM · 3d ago on Sep 29, 2026· 10m 35s· 8 players
Game mode
Random Map
Map size
Huge
Population
200
Speed
Normal
Resources
Standard
Victory
Conquest
Starting age
Dark Age
Ending age
Imperial Age
RankedLock teamsTeams togetherTeam positionsShared explorationLock speedFull tech treeHidden civsTurbo modeCheats
Victory
Defeat
🇹🇷 Turks · Türkiye
689
+17
🇩🇪 Persians · Germany
686
+17
🇷🇴 Persians · Romania
662
+18
🇪🇸 Khmer · Spain
637
+19
🇲🇽 Sicilians · Mexico
773
-20
🇹🇼 Teutons · Taiwan
754
-21
🇺🇸 Lithuanians · United States
677
-17
🇩🇪 Chinese · Germany
602
-13
RuubenESP
1:35 Loom
5:39 Feudal Age
Adrian_kiss99
3:35 Loom
11:03 Feudal Age
kolb-alexander
8:28 Feudal Age
8:49 Double-Bit Axe
{C*}SIFIR
8:05 Feudal Age
8:40 Double-Bit Axe
wreakzhavoc
4:03 Loom
8:05 Feudal Age
j.quintero_1988
0:58 Loom
murcielagoschack
0:31 Loom
5:06 Feudal Age
遇見佩特
0:36 Loom
6:26 Feudal Age
7:18 Double-Bit Axe
Connection lost

Rejoining the realm…

Still unreachable

The connection could not be restored.

Session expired

The server has moved on; the page needs a fresh start.